 Dungeon Crawl Stone Soup version 0.26-a0-639-g72c4674329 (webtiles) character file.

Game seed: 15656774849192296930

49163 Iscandelvey the Destroyer (level 14, -2/91 HPs)
             Began as a Demonspawn Arcane Marksman on Sept 6, 2020.
             Was an Elder of Vehumet.
             Slain by a demonic crawler (12 damage)
             ... on level 2 of the Lair of Beasts on Sept 21, 2020.
             The game lasted 02:49:05 (31912 turns).

Iscandelvey the Destroyer (DsAM)                   Turns: 31912, Time: 02:49:09

Health: -2/91      AC: 16    Str: 14    XL:     14   Next: 15%
Magic:  3/23       EV: 12    Int: 26    God:    Vehumet [****..]
Gold:   1298       SH: 10    Dex: 16    Spells: 8/26 levels left

rFire    + . .     SeeInvis .   x - +8 dagger "Perame" {freeze, MR+ Int+4 Stlth-}
rCold    + . .     Faith    +   N - +0 kite shield
rNeg     + . .     Spirit   .   M - +1 ring mail of an ice cave {Harm Str+4}
rPois    +         Reflect  .   K - +0 helmet
rElec    .         Harm     +   c - +0 cloak
rCorr    .         Rampage  .   r - +0 pair of gloves of the Little Devil {rPois rN+ Dex+2 Stlth+}
MR       ++...                  k - +0 pair of boots
Stlth    ++........             L - amulet of faith
HPRegen  0.25/turn              g - ring of Puisofusai {+Inv +Fly rPois rF+ Int+2}
MPRegen  0.18/turn              d - ring of protection from cold

@: no status effects
A: hooves 2, iridescent scales 2, foul stench 2, rot immunity
a: Renounce Religion, Evoke Invisibility, Evoke Flight


You were on level 2 of the Lair of Beasts.
You worshipped Vehumet.
Vehumet was greatly pleased with you.
You visited 5 branches of the dungeon, and saw 21 of its levels.
You also visited: Gauntlet.

You collected 1298 gold pieces.

Inventory:

Hand Weapons
 x - the +8 dagger "Perame" (weapon) {freeze, MR+ Int+4 Stlth-}
   (You found it on level 4 of the Dungeon)

   It has been specially enchanted to freeze those struck by it, causing extra
   injury to most foes and up to half again as much damage against particularly
   susceptible opponents.
   It can also slow down cold-blooded creatures.
   It affects your intelligence (+4).
   It affects your resistance to hostile enchantments.
   It makes you less stealthy.
Missiles
 a - 18 sling bullets
 h - 12 silver javelins
 i - 144 stones
 u - 7 javelins
 v - 15 poisoned darts (quivered)
 B - 4 curare-tipped darts
 H - 15 boomerangs
Armour
 c - a +0 cloak (worn)
 k - a +0 pair of boots (worn)
 r - the +0 pair of gloves of the Little Devil (worn) {rPois rN+ Dex+2 Stlth+}
   (You found it in a Gauntlet)

   It affects your dexterity (+2).
   It protects you from poison.
   It protects you from negative energy.
   It makes you more stealthy.
 K - a +0 helmet (worn)
 M - the +1 ring mail of an ice cave (worn) {Harm Str+4}
   (You found it on level 7 of the Dungeon)

   It affects your strength (+4).
   It increases damage dealt and taken.
 N - a +0 kite shield (worn)
Magical Staves
 p - an uncursed staff of conjuration
Jewellery
 d - a ring of protection from cold (right hand)
 g - the ring of Puisofusai (left hand) {+Inv +Fly rPois rF+ Int+2}
   (You took it off an orc wizard on level 11 of the Dungeon)

   [ring of poison resistance]

   It affects your intelligence (+2).
   It protects you from fire.
   It protects you from poison.
   It lets you turn invisible.
   It lets you fly.
 s - an uncursed ring of ice
 t - an uncursed ring of fire
 G - an uncursed amulet of reflection {unknown}
 L - an amulet of faith (around neck)
 P - a +6 ring of dexterity {unknown}
 T - an uncursed ring of fire
 W - an uncursed ring of resist corrosion
Wands
 w - a wand of flame (22)
 y - a wand of random effects (29)
 I - a wand of polymorph (6)
 V - a wand of digging (6)
 X - a wand of iceblast (10)
Scrolls
 b - 5 scrolls of identify
 f - 4 scrolls of immolation
 l - 4 scrolls of fear
 n - 3 scrolls of blinking
 D - 8 scrolls of teleportation
 J - 6 scrolls of remove curse
 R - a scroll of fog {unknown}
 S - a scroll of enchant weapon
 Y - a scroll of acquirement {unknown}
Potions
 e - a potion of mutation
 j - a potion of might {unknown}
 m - a potion of curing
 q - 3 potions of stabbing
 z - 2 potions of brilliance
 C - 5 potions of haste
 E - a potion of invisibility {unknown}
 O - 2 potions of ambrosia
 Q - a potion of resistance {unknown}
 U - a potion of heal wounds
Miscellaneous
 o - a tin of tremorstones (3/3)
 A - a condenser vane (2/2)
 F - a lightning rod (4/4)


   Skills:
 - Level 2.8 Fighting
 - Level 7.1(7.3) Short Blades
   Level 1.6(4.8) Long Blades
   Level 0.5 Axes
   Level 2.6(4.5) Slings
 - Level 5.6(6.0) Throwing
 - Level 5.2 Armour
 - Level 5.6 Dodging
 - Level 5.3 Stealth
 * Level 7.7 Shields
 - Level 6.6 Spellcasting
 * Level 11.7 Conjurations
 - Level 6.6 Hexes
 * Level 10.1 Fire Magic


You had 8 spell levels left.
You knew the following spells:

 Your Spells              Type           Power        Failure   Level
a - Corona                Hex            #####..      1%          1
b - Slow                  Hex            #####...     3%          2
c - Searing Ray           Conj           ######       1%          2
d - Cause Fear            Hex            #####.....   21%         4
e - Hailstorm             Conj/Ice       #####...     8%          4
f - Fireball              Conj/Fire      ######....   2%          5

Your spell library contained the following spells:

 Spells                   Type           Power        Failure   Level
 Orb of Destruction       Conj           ######....   45%         7
 Inner Flame              Hex/Fire       ######..     1%          3
 Portal Projectile        Hex/Tloc       ####..       24%         3
 Animate Skeleton         Necr           #.....       32%         1
 Apportation              Tloc           #.....       32%         1
 Summon Small Mammal      Summ           #...         32%         1
 Leda's Liquefaction      Hex/Erth       ####......   63%         4


Dungeon Overview and Level Annotations

Branches:
Dungeon (12/15)            Temple (1/1) D:6            Lair (6/6) D:10
 Shoals (0/4) Lair:4       Spider (1/4) Lair:2        Slime (0/5) Lair:6
    Orc (1/2) D:9         Gauntlet (visited)

Altars:
Ashenzari
Cheibriados
Dithmenos
Elyvilon
Fedhas
Gozag
Hepliaklqana
Kikubaaqudgha
Makhleb
Nemelex Xobeh
Okawaru
Qazlal
Ru
Sif Muna
Trog
Uskayaw
Vehumet
Wu Jian
Xom
Yredelemnul
Zin
The Shining One
Jiyva

Shops:
D:4 =   D:7 *   D:8 *

Annotations:
D:7 3 runed translucent doors, Antroll's ghost, novice PaFi


Innate Abilities, Weirdness & Mutations

You have hoof-like feet.
You are mostly covered in iridescent scales. (AC +4)
You frequently emit foul miasma when damaged in melee.
You are immune to rotting.


Message History

Casting: Fireball (dangerous; 2% risk of failure)
Confirm with . or Enter, or press ? or * to list all spells.
Aiming: Searing Ray (safe; 1% risk of failure)
Press: ? - help, Shift-Dir - straight line, f - demonic crawler
Aim: a demonic crawler (foul pestilence, severely wounded)
The searing ray hits the demonic crawler.
The demonic crawler is almost dead. (Press . to maintain the ray.)
The demonic crawler hits you but does no damage.
The demonic crawler barely misses you.
The demonic crawler hits you but does no damage.
The redback barely misses you.
The searing ray hits the demonic crawler but does no damage.
The demonic crawler is almost dead.
The redback bites you!
* * * LOW HITPOINT WARNING * * *
You emit a cloud of foul miasma!
The demonic crawler hits you.
* * * LOW HITPOINT WARNING * * *
The demonic crawler barely misses you. The demonic crawler hits you!
You die...

###.##.#..#.##
####............# ##
#...............## #.
##P.....^........# ###.
#..^........#..#######...
##........^##......#..[..
#.###^..^^##.#.#........
#####^^^s^^#.............
#..###^s@^#..............
##..^##^^^...............
#...^##...^^#...........
#.........^^#..........P
#.^....^.^^##.......####
##...^...##^#.......##
#.........##........#####
##..#.#...........####.#P
##.............#######..


You could see a demonic crawler and a redback (sick).

Vanquished Creatures
  A minotaur (Gauntlet)
  Josephine (D:11)
  4 hydras
  5 catoblepae
  5 death yaks (Lair:6)
  Erica (D:11)
  A centaur warrior (D:9)
  An ogre mage (D:9)
  A death drake (Gauntlet)
  2 lindwurms (Lair:6)
  A wolf spider (Lair:2)
  2 manticores (Lair:6)
  An ugly thing (D:9)
  A spectral centaur (Gauntlet)
  6 black mambas
  A merfolk siren (Lair:4)
  5 elephants
  A cyclops (D:9)
  Psyche (D:8)
  5 cane toads
  2 gargoyles (D:10)
  An efreet (Gauntlet)
  A kobold demonologist (D:11)
  A rime drake (Lair:6)
  4 komodo dragons
  A yaktaur (D:9)
  3 trolls
  A polar bear (Lair:3)
  15 blink frogs
  15 hippogriffs
  A shadow (D:11)
  3 redbacks (Lair:2)
  4 wraiths (D:11)
  24 yaks
  3 wyverns (D:10)
  4 tarantellas (Lair:2)
  2 fire elementals (Gauntlet)
  4 basilisks
  A steam dragon (D:10)
  Menkaure (D:7)
  12 water moccasins
  2 hell hounds (Gauntlet)
  8 porcupines
  A hornet zombie (D:9)
  3 ice beasts
  4 sky beasts
  5 phantoms
  A swamp drake (D:10)
  3 orc warriors
  6 ogres
  15 centaurs
  18 crocodiles
  2 big kobolds
  Blork the orc (D:6)
  17 bullfrogs
  4 scorpions
  12 wights
  A howler monkey (D:4)
  An electric eel (D:11)
  2 bullfrog zombies
  2 centaur zombies
  10 orc priests
  5 jellies
  3 centaur skeletons
  6 hounds
  16 orc wizards
  5 bullfrog skeletons
  A gnoll shaman (D:8)
  3 iguanas
  Natasha (twice) (D:2)
  2 hell rats (Lair:6)
  12 worker ants
  A hound skeleton (D:8)
  A howler monkey zombie (D:11)
  15 adders
  3 gnolls
  7 river rats (Lair:6)
  A shadow imp (D:9)
  2 white imps
  An ufetubus (D:7)
  An ooze (D:4)
  An adder zombie (D:10)
  6 worms
  2 dart slugs (D:1)
  6 leopard geckos
  36 orcs
  3 ball pythons
  5 giant cockroaches
  9 goblins
  6 hobgoblins
  15 jackals
  A quokka (D:3)
  7 bats
  10 frilled lizards
  14 kobolds
  8 rats
483 creatures vanquished.

Vanquished Creatures (others)
  14 demonic plants (Gauntlet)
  24 fungi
  58 plants
  21 withered plants (Gauntlet)
117 creatures vanquished.

Grand Total: 600 creatures vanquished

Notes
Turn   | Place    | Note
-------+----------+-------------------------------------------
     0 | D:1      | Iscandelvey the Demonspawn Arcane Marksman began the quest
                  | for the Orb.
     0 | D:1      | Reached XP level 1. HP: 15/15 MP: 2/2
   557 | D:1      | Gained mutation: You are partially covered in iridescent
                  | scales. (AC +2) [demonic ancestry]
   557 | D:1      | Reached XP level 2. HP: 19/21 MP: 3/3
  1148 | D:1      | Reached XP level 3. HP: 27/27 MP: 4/4
  1186 | D:1      | Reached skill level 1 in Throwing
  1488 | D:1      | Learned a level 2 spell: Slow
  1707 | D:2      | HP: 2/40 [poisoned by an adder]
  1709 | D:2      | Reached skill level 1 in Armour
  1876 | D:2      | Found a glowing silver altar of Zin.
  2049 | D:2      | Gained mutation: You have large cloven feet. [demonic
                  | ancestry]
  2049 | D:2      | Reached XP level 4. HP: 33/33 MP: 3/5
  2217 | D:2      | Noticed Natasha
  2326 | D:2      | Killed Natasha
  2466 | D:2      | Noticed Natasha
  2477 | D:2      | Killed Natasha
  2584 | D:3      | Gained mutation: You are immune to rotting. [demonic
                  | ancestry]
  2584 | D:3      | Reached XP level 5. HP: 38/38 MP: 2/7
  2789 | D:3      | Found a white marble altar of Elyvilon.
  3316 | D:3      | Found an ornate altar of the Wu Jian Council.
  3851 | D:3      | Found a hazy altar of Hepliaklqana.
  4291 | D:4      | Got an encrusted dagger
  4292 | D:4      | Identified the +8 dagger "Perame" {freeze, MR+ Int+4
                  | Stlth-} (You found it on level 4 of the Dungeon)
  4306 | D:4      | Reached XP level 6. HP: 43/46 MP: 7/9
  4339 | D:4      | Found Xaugaess's Jewellery Emporium.
  4484 | D:4      | Reached skill level 1 in Stealth
  4559 | D:4      | Reached skill level 1 in Short Blades
  4846 | D:4      | Gained mutation: You have hoof-like feet. [demonic
                  | ancestry]
  4846 | D:4      | Reached XP level 7. HP: 46/51 MP: 10/10
  5414 | D:5      | Entered Level 5 of the Dungeon
  5452 | D:5      | Found a radiant altar of Vehumet.
  5514 | D:5      | Became a worshipper of Vehumet
  5520 | D:5      | Found a sparkling altar of Nemelex Xobeh.
  6455 | D:5      | Gained mutation: You may emit foul miasma when damaged in
                  | melee. [demonic ancestry]
  6455 | D:5      | Reached XP level 8. HP: 36/57 MP: 13/13
  7611 | D:6      | Found a shimmering blue altar of Sif Muna.
  7637 | D:6      | Found a shimmering altar of Xom.
  7829 | D:6      | Noticed Blork the orc
  7850 | D:6      | Killed Blork the orc
  8461 | D:6      | Found a staircase to the Ecumenical Temple.
  8689 | Temple   | Entered the Ecumenical Temple
  8844 | D:7      | Got a distressingly furry ring mail
  8856 | D:7      | Identified the +1 ring mail of an ice cave {Harm Str+4}
                  | (You found it on level 7 of the Dungeon)
  8904 | D:7      | Noticed a hippogriff
  8912 | D:7      | Killed a hippogriff
  8912 | D:7      | Reached skill level 5 in Hexes
  9002 | D:7      | Reached XP level 9. HP: 62/62 MP: 12/16
  9087 | D:7      | Noticed Menkaure
  9098 | D:7      | Killed Menkaure
  9258 | D:7      | Reached skill level 5 in Spellcasting
  9370 | D:7      | Found a runed translucent gate.
  9371 | D:7      | Found a runed translucent gate.
  9371 | D:7      | Found a runed translucent gate.
  9371 | D:7      | Noticed Antroll's ghost (novice PaFi)
  9372 | D:7      | Noticed a kobold demonologist
  9381 | D:7      | Found Xiruwod's General Store.
  9804 | D:7      | Reached * piety under Vehumet
  9804 | D:7      | Offered knowledge of Sandblast by Vehumet.
 10338 | D:8      | Reached skill level 5 in Short Blades
 10456 | D:8      | Noticed Psyche
 10475 | D:8      | Killed Psyche
 10550 | D:8      | Noticed a moth of wrath
 10569 | D:8      | Found a bloodstained altar of Trog.
 10875 | D:8      | Gained mutation: You frequently emit foul miasma when
                  | damaged in melee. [demonic ancestry]
 10875 | D:8      | Reached XP level 10. HP: 61/69 MP: 18/18
 11266 | D:8      | Found Safes's Assorted Antiques.
 11318 | D:8      | Offered knowledge of Searing Ray by Vehumet.
 11332 | D:8      | Learned a level 2 spell: Searing Ray
 11348 | D:8      | Reached ** piety under Vehumet
 12087 | D:8      | Reached skill level 5 in Dodging
 12087 | D:8      | Reached skill level 1 in Conjurations
 12624 | D:9      | Reached skill level 2 in Conjurations
 12959 | D:9      | Noticed a white ugly thing
 13008 | D:9      | Killed a white ugly thing
 13223 | D:9      | Noticed a centaur warrior
 13231 | D:9      | Killed a centaur warrior
 13231 | D:9      | Reached skill level 5 in Throwing
 13457 | D:8      | Reached skill level 3 in Conjurations
 13639 | D:9      | Found a staircase to the Orcish Mines.
 13675 | D:9      | Offered knowledge of Stone Arrow by Vehumet.
 13683 | D:9      | Learned a level 4 spell: Cause Fear
 13793 | D:9      | Reached skill level 5 in Stealth
 13877 | D:9      | Noticed a cyclops
 13892 | D:9      | Killed a cyclops
 13892 | D:9      | Reached skill level 5 in Armour
 13892 | D:9      | Reached XP level 11. HP: 66/74 MP: 18/20
 14162 | D:10     | Entered Level 10 of the Dungeon
 14453 | D:10     | Reached *** piety under Vehumet
 15313 | D:10     | Reached skill level 4 in Conjurations
 15413 | D:10     | Offered knowledge of Hailstorm by Vehumet.
 15883 | D:9      | Learned a level 4 spell: Hailstorm
 16097 | D:9      | Noticed a white very ugly thing
 16642 | D:10     | Reached **** piety under Vehumet
 16778 | D:10     | Reached skill level 1 in Shields
 16788 | D:10     | Offered knowledge of Fireball by Vehumet.
 16795 | D:10     | Learned a level 5 spell: Fireball
 17001 | D:10     | Found a staircase to the Lair.
 17237 | D:11     | Reached skill level 1 in Fire Magic
 17318 | D:11     | Noticed a sun demon
 17388 | D:11     | Reached skill level 5 in Conjurations
 17445 | D:11     | Identified the ring of Puisofusai {+Inv +Fly rPois rF+
                  | Int+2}
 17479 | D:11     | Reached skill level 1 in Long Blades
 17703 | D:11     | Noticed Erica
 17714 | D:11     | Killed Erica
 18158 | D:11     | Noticed Josephine
 18186 | D:11     | Killed Josephine
 18186 | D:11     | Reached skill level 6 in Conjurations
 18212 | D:11     | HP: 2/74 [wraith[Josephine] (10)]
 19236 | D:11     | Gained mutation: You are mostly covered in iridescent
                  | scales. (AC +4) [demonic ancestry]
 19236 | D:11     | Reached XP level 12. HP: 45/80 MP: 21/21
 19808 | Lair:1   | Entered Level 1 of the Lair of Beasts
 19980 | Lair:1   | Reached skill level 7 in Conjurations
 20070 | Lair:1   | Found a gate leading to a gauntlet.
 20102 | Gauntlet | Entered a Gauntlet
 20102 | Gauntlet | Found a transporter.
 20102 | Gauntlet | Noticed a death yak
 20108 | Gauntlet | Noticed a death yak
 20108 | Gauntlet | Noticed a death yak
 20109 | Gauntlet | Noticed a death yak
 20109 | Gauntlet | Noticed a death yak
 20110 | Gauntlet | Found a transporter.
 20113 | Gauntlet | Found a transporter.
 20113 | Gauntlet | Noticed a hell hog
 20131 | Gauntlet | Found a transporter.
 20142 | Gauntlet | Found a transporter.
 20163 | Gauntlet | Found a transporter.
 20177 | Gauntlet | Found a transporter.
 20181 | Gauntlet | Found a transporter.
 20182 | Gauntlet | Found a transporter.
 20185 | Gauntlet | Found a transporter.
 20186 | Gauntlet | Found a transporter.
 20198 | Gauntlet | Found a transporter.
 20557 | Gauntlet | Reached skill level 5 in Fire Magic
 20575 | Gauntlet | Reached ***** piety under Vehumet
 20627 | Gauntlet | Offered knowledge of Starburst by Vehumet.
 20644 | Gauntlet | Got a pair of faintly humming gloves
 20789 | Gauntlet | Got a slimy rapier
 20792 | Gauntlet | Identified the cursed +1 rapier "Lerhu Vyc" {vamp, Str+3}
                  | (You found it in a Gauntlet)
 20804 | Gauntlet | Identified the +0 pair of gloves of the Little Devil {rPois
                  | rN+ Dex+2 Stlth+} (You found it in a Gauntlet)
 20868 | Gauntlet | Noticed a minotaur
 20878 | Gauntlet | Killed a minotaur
 20878 | Gauntlet | Reached skill level 8 in Conjurations
 20912 | Gauntlet | Got a fine scale mail
 20923 | Gauntlet | Identified the cursed +0 scale mail "Gawyt" {Harm rN+++
                  | Int-4 Stlth-} (You found it in a Gauntlet)
 21990 | Orc:1    | Entered Level 1 of the Orcish Mines
 21990 | Orc:1    | Noticed a two-headed ogre
 21990 | Orc:1    | Noticed a two-headed ogre
 21992 | Orc:1    | Noticed a two-headed ogre
 21993 | Orc:1    | Noticed a two-headed ogre
 21995 | Orc:1    | Noticed an ogre mage
 21996 | Orc:1    | Noticed a two-headed ogre
 21999 | Orc:1    | Noticed a two-headed ogre
 22010 | D:9      | Killed an ogre mage
 22136 | D:9      | Noticed a yaktaur captain
 22825 | Lair:2   | Reached skill level 9 in Conjurations
 23070 | Lair:2   | Found a hole to the Spider Nest.
 24272 | Lair:3   | You fall into a shaft and drop 1 floor!
 24561 | Lair:3   | Reached XP level 13. HP: 66/85 MP: 22/22
 25213 | Lair:4   | Reached skill level 10 in Conjurations
 25376 | Lair:4   | Reached skill level 5 in Shields
 26060 | Lair:4   | Found a staircase to the Shoals.
 26415 | Lair:5   | You fall into a shaft and drop 1 floor!
 26415 | Lair:6   | Entered Level 6 of the Lair of Beasts
 26605 | Lair:6   | Offered knowledge of Orb of Destruction by Vehumet.
 26735 | Lair:6   | Found a viscous altar of Jiyva.
 26748 | Lair:6   | Found a staircase to the Slime Pits.
 28973 | Lair:6   | Reached skill level 11 in Conjurations
 30231 | Lair:6   | Reached XP level 14. HP: 91/91 MP: 6/23
 30907 | Lair:6   | Reached skill level 10 in Fire Magic
 31325 | Spider:1 | Entered Level 1 of the Spider Nest
 31876 | Lair:2   | Upgraded the game from 0.26-a0-597-gb535b0901c to
                  | 0.26-a0-639-g72c4674329
 31912 | Lair:2   | Slain by a demonic crawler

Illustrated notes

Levels and vault maps discovered:
D:1:      dpeg_arrival_three_bigger_balls, layout_basic,
          chequers_serial_rivers_micro_d, minivault_26, serial_bayou_lagoon_a,
          st_stairs_11
D:2:      layout_rooms, old_standard_altar, uniq_natasha
D:3:      layout_basic, old_standard_altar, elyvilon_altar_3,
          lemuel_coloured_pillars_altar
D:4:      layout_basic, serial_shops, kennysheep_little_box,
          minmay_misc_feat_more_columns, minmay_quantized
D:5:      kennysheep_big_flooded_room, layout_loops_corners,
          nemelex_xobeh_ov_fountains_minmay, overflow_temple_1_default
D:6:      layout_basic, overflow_temple_1_default, minmay_temple_entry_wispy,
          dk_xom_monty_hall, uniq_blork_the_orc
D:7:      layout_loops_cross, gammafunk_ghost_nasty_kobolds, serial_shops, shop,
          grunt_ministairs_7, bh_walls_and_bars, uniq_menkaure
D:8:      layout_loops_corners, tgw_trog, serial_shops, nicolae_shop_crystal,
          uniq_psyche
D:9:      minmay_sliced_demisemicircle, layout_cave_pools, orc_0_dummy,
          serial_glass, glass_columns_b, glass_columns_c
D:10:     layout_gridville, erik_lair_dragon
D:11:     layout_basic, kennysheep_diamond, minmay_stone_trees_small,
          minmay_checkerbox, uniq_josephine, uniq_erica
D:12:     layout_roguey, uniq_snorg
Temple:   jpeg_temple_clearing
Lair:1:   layout_loops_ring, gauntlet_entry_generic, grunt_megastairs_2
Lair:2:   layout_hall_layers, spider_nest_entry_webs,
          lightli_volcano_entry_magma_tube, grunt_megastairs_4
Lair:3:   layout_long_grid, st_stairs_7, chequers_serial_rivers_micro_a
Lair:4:   layout_misc_corridors, elwin_shoals_entry_rooms
Lair:5:   layout_gridlike, serial_rivers, chequers_serial_rivers_micro_d,
          chequers_serial_rivers_small_3, chequers_serial_rivers_small_a,
          chequers_serial_rivers_large_a, chequers_serial_rivers_micro_c,
          chequers_serial_rivers_room_b, minmay_hedge_maze
Lair:6:   evilmike_catoblepas_cave, layout_small_grid, slime_altar_1,
          kennysheep_rathole
Spider:1: layout_spider_delve, drop_trap, uniq_agnes
Orc:1:    lemuel_ogre_cave, layout_diamond_mine, serial_shops, shop

Skill      XL: |  1  2  3  4  5  6  7  8  9 10 11 12 13 14 |
---------------+-------------------------------------------+-----
Dodging        | 2 3 4 5 |  5.6
Throwing       | 1 2 4 5 |  5.6
Fighting       | 2 |  2.8
Armour         | 1 2 3 4 5 |  5.2
Slings         | 2 |  2.6
Spellcasting   | 2 3 4 5 6 |  6.6
Stealth        | 1 2 3 4 5 |  5.3
Short Blades   | 1 2 4 5 6 7 |  7.1
Hexes          | 4 5 6 |  6.6
Conjurations   | 3 6 9 11 | 11.7
Shields        | 3 4 7 |  7.7
Fire Magic     | 4 7 9 10 | 10.1
Long Blades    | 1 |  1.6
Axes           | |  0.5

Action                   |  1- 3 |  4- 6 |  7- 9 | 10-12 | 13-15 || total
-------------------------+-------+-------+-------+-------+-------++-------
Melee: Hand axe          |   155 |   164 |       |       |       ||   319
       Dagger            |       |    63 |   340 |   873 |   495 ||  1771
       Short sword       |       |       |     3 |       |       ||     3
       Halberd           |       |       |       |     2 |       ||     2
 Fire: Hunting sling     |    17 |     9 |    36 |     1 |       ||    63
       Shortbow          |       |       |       |     8 |       ||     8
Throw: Dart              |       |     4 |    37 |    57 |     2 ||   100
       Boomerang         |       |       |       |    27 |       ||    27
 Cast: Corona            |     3 |     4 |    22 |    23 |       ||    52
       Slow              |     2 |    12 |    42 |    54 |     9 ||   119
       Searing Ray       |       |       |       |    36 |     4 ||    40
       Cause Fear        |       |       |       |    12 |     3 ||    15
       Hailstorm         |       |       |       |     4 |     1 ||     5
       Fireball          |       |       |       |     4 |    40 ||    44
 Abil: Evoke Invisibilit |       |       |       |     3 |       ||     3
       Evoke Flight      |       |       |       |       |     1 ||     1
  Use: Potion            |     2 |       |       |     7 |     3 ||    12
       Scroll            |       |     5 |     2 |    15 |     1 ||    23
 Stab: Invisible         |       |       |     1 |     6 |       ||     7
       Confused          |       |       |       |     1 |       ||     1
       Sleeping          |       |       |       |     4 |     5 ||     9
Armor: Leather armour    |    64 |    20 |       |       |       ||    84
       Robe              |     1 |       |       |       |       ||     1
       Skin              |    11 |       |       |    10 |       ||    21
       Ring mail         |       |    55 |    87 |   274 |   184 ||   600
       Chain mail        |       |    21 |    53 |       |       ||    74
Dodge: Dodged            |   130 |   127 |   127 |   423 |   202 ||  1009
Block: Kite shield       |       |       |       |       |   174 ||   174

Table legend: (Time is in decaauts)
 A = Elapsed time spent in this place.
 B = Non-inter-level travel time spent in this place.
 C = Inter-level travel time spent in this place.
 D = Time resting spent in this place.
 E = Time spent auto-exploring this place.
 F = Levels seen in this place.
 G = Mean time per level.
                   A        B        C        D        E       F      G
               +--------+--------+--------+--------+--------+-----+--------+
         Total |  31547 |  28608 |   2939 |   8620 |  13137 |  22 | 1434.0 |
       Dungeon |  20111 |  18321 |   1790 |   5230 |   8568 |  12 | 1675.9 |
        Temple |    107 |     94 |     13 |      0 |     94 |   1 |  107.0 |
          Lair |  10455 |   9320 |   1135 |   3250 |   4300 |   6 | 1742.5 |
   Spider Nest |     15 |     15 |      0 |      0 |      0 |   1 |   15.0 |
  Orcish Mines |      9 |      9 |      0 |      0 |      0 |   1 |    9.0 |
      Gauntlet |    847 |    847 |      0 |    139 |    175 |   1 |  847.0 |
               +--------+--------+--------+--------+--------+-----+--------+

Top non-repeatable levels by time:
  Lair:6: 3375 daAuts
    D:10: 2734 daAuts
     D:8: 2412 daAuts
    D:11: 2232 daAuts
     D:9: 2159 daAuts
  Lair:2: 1882 daAuts
     D:5: 1805 daAuts
     D:1: 1804 daAuts
     D:4: 1799 daAuts
     D:3: 1783 daAuts
  Lair:5: 1644 daAuts
  Lair:3: 1231 daAuts
  Lair:1: 1220 daAuts
     D:6: 1188 daAuts
     D:7: 1106 daAuts
